 Dungeon Crawl Stone Soup version 0.24-a0-163-g64c5a76fe2 (webtiles) character file.

Game seed: 6148207560502146553

50 MrRokkomies the Sneak (level 3, 0/16 HPs)
             Began as a Spriggan Enchanter on Mar 6, 2019.
             Slain by an orc (1 damage)
             ... on level 3 of the Dungeon.
             The game lasted 00:03:01 (1692 turns).

MrRokkomies the Sneak (Spriggan Enchanter)          Turns: 1692, Time: 00:03:01

Health: 0/16       AC:  2    Str:  5    XL:     3   Next: 55%
Magic:  2/8        EV: 18    Int: 16    God:
Gold:   20         SH:  0    Dex: 16    Spells: 1/7 levels left

rFire    . . .     SeeInvis +   a - +0 rapier
rCold    . . .     Gourm    .   (shield restricted)
rNeg     . . .     Faith    .   h - +0 robe
rPois    .         Spirit   .   (helmet restricted)
rElec    .         Reflect  .   (no cloak)
rCorr    .         Harm     .   (gloves unavailable)
MR       .....                  (boots unavailable)
Stlth    +++.......             (no amulet)
HPRegen  0.05/turn              (no ring)
MPRegen  0.11/turn              (no ring)

@: very quick
A: very small, unfitting armour, see invisible, herbivore, speed 3, slow
metabolism 2
a: no special abilities


You were on level 3 of the Dungeon.
You were not hungry.

You visited 1 branch of the dungeon, and saw 3 of its levels.

You collected 20 gold pieces.

Inventory:

Hand Weapons
 a - a +0 rapier (weapon)
 b - a +0 hunting sling
 j - a +1 dagger
Missiles
 c - 73 stones (quivered)
 e - 17 sling bullets
Armour
 h - a +0 robe (worn)
Scrolls
 f - a scroll of fear {unknown}
 g - 3 scrolls of teleportation
 i - a scroll of remove curse
Potions
 k - a potion of agility
Comestibles
 d - 3 rations


   Skills:
 * Level 2.6 Short Blades
 - Level 3.0 Dodging
 - Level 5.0 Stealth
 - Level 2.6 Spellcasting
 * Level 4.4 Hexes


You had one spell level left.
You knew the following spells:

 Your Spells              Type           Power        Failure   Level  Hunger
a - Corona                Hex            ###....      3%          1    #......
b - Ensorcelled Hibernat  Hex/Ice        #.....       12%         2    ##.....
c - Confuse               Hex            ###.....     10%         3    ###....

Your spell library contained the following spells:

 Spells                   Type           Power        Failure   Level  Hunger
 Tukima's Dance           Hex            ###.....     10%         3    ###....
 Dazzling Spray           Conj/Hex       #.....       24%         3    ###....


Dungeon Overview and Level Annotations

Branches:
Dungeon (3/15)

Altars:
Uskayaw


Innate Abilities, Weirdness & Mutations

You are very small and have problems with some larger weapons.
You are too small for most types of armour.
You have supernaturally acute eyesight. (SInv)
You are a herbivore.
You cover ground extremely quickly.
You need to consume almost no food.


Message History

The puff of flame hits you!
Ouch! That really hurt!
Casting: Ensorcelled Hibernation (safe; 12% risk of failure)
Confirm with . or Enter, or press ? or * to list all spells.
Aiming: Ensorcelled Hibernation (safe; 12% risk of failure)
Press: ? - help, Shift-Dir - straight line, f/p - orc wizard
Aim: an orc wizard, wielding a +0 dagger and wearing a +0 robe (chance to defeat MR: 40%)
The orc wizard resists with some effort.
The orc hits you.
* * * LOW HITPOINT WARNING * * *
The orc wizard hits you with a +0 dagger.
* * * LOW HITPOINT WARNING * * *
Casting: Ensorcelled Hibernation (safe; 12% risk of failure)
Confirm with . or Enter, or press ? or * to list all spells.
Aiming: Ensorcelled Hibernation (safe; 12% risk of failure)
Press: ? - help, Shift-Dir - straight line, f/p - orc wizard
Aim: an orc wizard, wielding a +0 dagger and wearing a +0 robe (chance to defeat MR: 40%)
The orc wizard resists with some effort.
The orc hits you.
You die...

#......# #......#
#).....# #.>....#
#......# #.##...#
#.##...# #<.+...+
#@.#...######
#oo#......o..
#..#......o..
#............
#######............
............#......
########....#......
#.)........^.
#.......#####


You could see an orc wizard and an orc.

Vanquished Creatures
  An ooze (D:1)
  2 worms (D:2)
  A dart slug (D:1)
  5 bats
  5 giant cockroaches
  3 goblins
  4 hobgoblins
  5 kobolds
  A quokka (D:2)
  6 frilled lizards
  A rat (D:1)
34 creatures vanquished.

Notes
Turn   | Place    | Note
-------+----------+-------------------------------------------
     0 | D:1      | MrRokkomies the Spriggan Enchanter began the quest for the
                  | Orb.
     0 | D:1      | Reached XP level 1. HP: 9/9 MP: 5/5
   195 | D:1      | Reached XP level 2. HP: 13/13 MP: 6/6
   199 | D:1      | Learned a level 2 spell: Ensorcelled Hibernation
   986 | D:2      | Reached XP level 3. HP: 16/16 MP: 8/8
  1213 | D:2      | Reached skill level 5 in Stealth
  1434 | D:2      | Found a hide-covered altar of Uskayaw.
  1615 | D:2      | Learned a level 3 spell: Confuse
  1692 | D:3      | Slain by an orc

Levels and vault maps discovered:
D:1:      sevenhm_arrival_forest_fort_small_4, layout_loops_ring
D:2:      layout_basic, overflow_temple_1_default, kennysheep_generic_room_15
D:3:      layout_basic, kennysheep_vampire_church

Skill      XL: |  1  2  3 |
---------------+----------+-----
Hexes          | 4 |  4.4
Short Blades   | 2 |  2.6
Stealth        | 5 |  5.0
Dodging        | |  3.0
Spellcasting   | |  2.6

Action                   || total
-------------------------++-------
Melee: Dagger            ||    93
       Rapier            ||    22
 Cast: Ensorcelled Hiber ||     6
       Corona            ||     1
  Use: Scroll            ||     4
 Stab: Sleeping          ||    18
Armor: Robe              ||    12
Dodge: Dodged            ||    80

Table legend:
 A = Non-vault XP
 B = Vault XP
 C = Vault XP percentage of total XP
 D = Non-vault monster count
 E = Vault monster count
 F = Vault count percentage of total count
                 A         B        C        D         E       F
            +---------+---------+-------+---------+---------+-------
      Total |      70 |       2 |   2.8 |      33 |       1 |   2.9
            +---------+---------+-------+---------+---------+-------
        D:1 |      39 |       0 |   0.0 |      19 |       0 |   0.0
        D:2 |      27 |       2 |   6.9 |      12 |       1 |   7.7
        D:3 |       4 |       0 |   0.0 |       2 |       0 |   0.0
            +---------+---------+-------+---------+---------+-------
